IL
OMAHA STORM CHASERS @ TOLEDO MUD HENS
08/02/2046
 
TOP OF THE 1ST
Omaha Storm Chasers batting - Pitching for Toledo Mud Hens : RHP Caleb Franklin
Pitching: RHP Caleb Franklin
Batting: RHB Matt Belgard 0-0: Called Strike
0-1: SINGLE (Groundball, 6MD, EV 95.0 MPH)
Batting: LHB Roman Downey 0-0: Swinging Strike
Matt Belgard steals 2nd base
0-1: Ball
1-1: Swinging Strike
1-2: Ball
2-2: Strikes out swinging
Batting: RHB Adam Martin 0-0: Ball
1-0: Called Strike
1-1: Fly out, F6 (Popup, 6MD, EV 66.2 MPH)
Batting: LHB Pete Hansel 0-0: Ball
1-0: Ball
2-0: Ball
3-0: Base on Balls
Batting: LHB Robby Diaz 0-0: Ground out 4-3 (Groundball, 34D, EV 82.5 MPH)
Top of the 1st over - 0 runs, 1 hit, 0 errors, 2 left on base; Omaha 0 - Toledo 0
BOTTOM OF THE 1ST
Toledo Mud Hens batting - Pitching for Omaha Storm Chasers : RHP Steve Ryals
Pitching: RHP Steve Ryals
Batting: RHB J.J. Basil 0-0: Ball
1-0: Ball
2-0: Fly out, F9 (Line Drive, 9S, EV 86.9 MPH)
Batting: SHB Adam Weber 0-0: Foul Ball, location: 2F
0-1: Swinging Strike
0-2: Foul Ball, location: 2F
0-2: Ball
1-2: Ground out 3-1 (Groundball, 34S, EV 78.8 MPH)
Batting: LHB Andy Schumacher 0-0: Fly out, F8 (Flyball, 8LD, EV 99.4 MPH)
Bottom of the 1st over - 0 runs, 0 hits, 0 errors, 0 left on base; Omaha 0 - Toledo 0
TOP OF THE 2ND
Omaha Storm Chasers batting - Pitching for Toledo Mud Hens : RHP Caleb Franklin
Batting: RHB Walt Cogswell 0-0: Swinging Strike
0-1: Called Strike
0-2: Foul Ball, location: 2F
0-2: SINGLE (Groundball, 6, EV 96.2 MPH)
Batting: RHB Eric Sandell 0-0: Foul Ball, location: 2F
0-1: Ball
1-1: Ball
2-1: Ball
3-1: Swinging Strike
3-2: Base on Balls
Walt Cogswell to second
Batting: LHB Danny Bailey 0-0: Ball
1-0: SINGLE (Flyball, 4MD, EV 88.8 MPH)
Walt Cogswell to third
Eric Sandell to second
Batting: RHB Jerry Castillo 0-0: Ball
1-0: Swinging Strike
1-1: Ball
2-1: DOUBLE (Flyball, 89XD, EV 94.4 MPH)
Walt Cogswell scores
Eric Sandell scores
Danny Bailey to third
Runner from 3rd tries for Home, SAFE, no throw by RF
Batting: RHB Matt Belgard 0-0: Ball
1-0: Called Strike
1-1: Foul Ball, location: 2F
1-2: Ball
2-2: Ground out 4-3 (Groundball, 4, EV 85.0 MPH)
Jerry Castillo to third
Batting: LHB Roman Downey 0-0: Ball
1-0: Ball
2-0: Called Strike
2-1: Ground out U3 (Groundball, 34, EV 90.0 MPH)
Jerry Castillo scores
Batting: RHB Adam Martin 0-0: Called Strike
0-1: Ball
1-1: Ball
2-1: Called Strike
2-2: Ball
3-2: SINGLE (Line Drive, 78S, EV 106.2 MPH)
Batting: LHB Pete Hansel 0-0: Called Strike
0-1: Fly out, F8 (Flyball, 8RM, EV 88.1 MPH)
Top of the 2nd over - 4 runs, 4 hits, 0 errors, 1 left on base; Omaha 4 - Toledo 0
BOTTOM OF THE 2ND
Toledo Mud Hens batting - Pitching for Omaha Storm Chasers : RHP Steve Ryals
Batting: RHB Luke Feeney 0-0: Fly out, F3 (Line Drive, 3, EV 65.6 MPH)
Batting: LHB Jon Frederick 0-0: Ball
1-0: Fly out, F7 (Flyball, 7LSF, EV 90.0 MPH)
Batting: RHB Dan Becvar 0-0: Ball
1-0: Swinging Strike
1-1: Called Strike
1-2: Strikes out swinging
Bottom of the 2nd over - 0 runs, 0 hits, 0 errors, 0 left on base; Omaha 4 - Toledo 0
TOP OF THE 3RD
Omaha Storm Chasers batting - Pitching for Toledo Mud Hens : RHP Caleb Franklin
Batting: LHB Robby Diaz 0-0: Called Strike
0-1: Ball
1-1: SINGLE (Groundball, 34D, EV 95.6 MPH)
Batting: RHB Walt Cogswell 0-0: Ball
1-0: DOUBLE (Flyball, 8RXD, EV 103.1 MPH)
Robby Diaz to third
Batting: RHB Eric Sandell 0-0: Called Strike
0-1: Ball
1-1: Swinging Strike
1-2: Ball
2-2: Foul Ball, location: 2F
2-2: Ball
3-2: Foul Ball, location: 2F
3-2: Base on Balls
Batting: LHB Danny Bailey 0-0: Called Strike
0-1: Foul Ball, location: 2F
0-2: Ball
1-2: Grounds into double play, 4-6-3 (Groundball, 34D, EV 99.4 MPH)
Robby Diaz scores
Walt Cogswell to third
Batting: RHB Jerry Castillo 0-0: Called Strike
0-1: Ball
1-1: Foul Ball, location: 2F
1-2: Ball
2-2: SINGLE (Groundball, 56D, EV 95.6 MPH)
Walt Cogswell scores
Pitching: RHP Bryan Hallman
Batting: RHB Matt Belgard 0-0: Ball
1-0: Ball
2-0: Foul Ball, location: 2F
2-1: Foul Ball, location: 2F
2-2: Ball
3-2: Foul Ball, location: 2F
3-2: Ground out 5-3 (Groundball, 56, EV 81.2 MPH)
Top of the 3rd over - 2 runs, 3 hits, 0 errors, 1 left on base; Omaha 6 - Toledo 0
BOTTOM OF THE 3RD
Toledo Mud Hens batting - Pitching for Omaha Storm Chasers : RHP Steve Ryals
Batting: RHB Willis Morales 0-0: Ball
1-0: Foul Ball, location: 2F
1-1: Swinging Strike
1-2: Foul Ball, location: 2F
1-2: DOUBLE (Line Drive, 5D, EV 99.4 MPH)
Batting: RHB Keith Hoffman 0-0: Called Strike
0-1: Foul Ball, location: 2F
0-2: Foul Ball, location: 2F
0-2: Ball
1-2: Foul Ball, location: 2F
1-2: SINGLE (Line Drive, 8RS, EV 100.6 MPH)
Willis Morales to third
Batting: RHB Aaron Cusick 0-0: Called Strike
0-1: Swinging Strike
0-2: Strikes out swinging
Batting: RHB J.J. Basil 0-0: SINGLE (Line Drive, 8RS, EV 108.1 MPH)
Willis Morales scores
Keith Hoffman to second
Batting: SHB Adam Weber 0-0: Ball
1-0: Called Strike
1-1: Called Strike
1-2: Fly out, F8 (Flyball, 8LD, EV 104.4 MPH)
Batting: LHB Andy Schumacher 0-0: Ball
1-0: Ball
2-0: Ball
3-0: Base on Balls
Keith Hoffman to third
J.J. Basil to second
Batting: RHB Luke Feeney 0-0: Ball
1-0: DOUBLE (Flyball, 78D, EV 101.2 MPH)
Keith Hoffman scores
J.J. Basil scores
Andy Schumacher to third
Batting: LHB Jon Frederick 0-0: Called Strike
0-1: Ball
1-1: Ball
2-1: Swinging Strike
2-2: SINGLE (Flyball, 6D, EV 85.0 MPH)
Andy Schumacher scores
Luke Feeney to third
Runner from 3rd tries for Home, SAFE, throw by LF to home
Jon Frederick to second
Batting: RHB Dan Becvar 0-0: Called Strike
0-1: Ball
1-1: Foul Ball, location: 2F
1-2: SINGLE (Groundball, 6D, EV 103.1 MPH)
Jon Frederick to third
Runner from 3rd tries for Home, SAFE, throw by LF to home
Pitching: RHP Ken Hall
Batting: RHB Willis Morales 0-0: Foul Ball, location: 2F
0-1: Called Strike
0-2: Ball
1-2: Ball
2-2: Ball
3-2: Fly out, F9 (Flyball, 9D, EV 108.8 MPH)
Bottom of the 3rd over - 6 runs, 6 hits, 0 errors, 1 left on base; Omaha 6 - Toledo 6
TOP OF THE 4TH
Omaha Storm Chasers batting - Pitching for Toledo Mud Hens : RHP Bryan Hallman
Batting: LHB Roman Downey 0-0: Ball
1-0: Ball
2-0: Ball
3-0: Called Strike
3-1: Swinging Strike
3-2: Foul Ball, location: 2F
3-2: Strikes out swinging
Batting: RHB Adam Martin 0-0: Foul Ball, location: 2F
0-1: Foul Ball, location: 2F
0-2: Ball
1-2: Foul Ball, location: 2F
1-2: Foul Ball, location: 2F
1-2: Foul Ball, location: 2F
1-2: Ground out 6-3 (Groundball, 6S, EV 85.6 MPH)
Batting: LHB Pete Hansel 0-0: Ball
1-0: Ball
2-0: Called Strike
2-1: Ball
3-1: Base on Balls
Batting: LHB Robby Diaz 0-0: Foul Ball, location: 2F
0-1: Called Strike
0-2: Ball
Pete Hansel is caught stealing 2nd base 2-6
Top of the 4th over - 0 runs, 0 hits, 0 errors, 0 left on base; Omaha 6 - Toledo 6
BOTTOM OF THE 4TH
Toledo Mud Hens batting - Pitching for Omaha Storm Chasers : RHP Ken Hall
Batting: RHB Keith Hoffman 0-0: Foul Ball, location: 2F
0-1: Ball
1-1: Swinging Strike
1-2: Strikes out swinging
Batting: RHB Aaron Cusick 0-0: Called Strike
0-1: Ball
1-1: Ball
2-1: Swinging Strike
2-2: Ball
3-2: Fly out, F8 (Flyball, 78XD, EV 97.5 MPH)
Batting: RHB J.J. Basil 0-0: Swinging Strike
0-1: Swinging Strike
0-2: Strikes out swinging
Bottom of the 4th over - 0 runs, 0 hits, 0 errors, 0 left on base; Omaha 6 - Toledo 6
TOP OF THE 5TH
Omaha Storm Chasers batting - Pitching for Toledo Mud Hens : RHP Bryan Hallman
Batting: LHB Robby Diaz 0-0: Called Strike
0-1: Ground out 4-3 (Groundball, 4, EV 76.9 MPH)
Batting: RHB Walt Cogswell 0-0: Called Strike
0-1: Ground out 6-3 (Groundball, 6, EV 84.4 MPH)
Batting: RHB Eric Sandell 0-0: Called Strike
0-1: Ball
1-1: Ball
2-1: Ball
3-1: Ground out 6-3 (Groundball, 6, EV 83.8 MPH)
Top of the 5th over - 0 runs, 0 hits, 0 errors, 0 left on base; Omaha 6 - Toledo 6
BOTTOM OF THE 5TH
Toledo Mud Hens batting - Pitching for Omaha Storm Chasers : RHP Ken Hall
Batting: SHB Adam Weber 0-0: Called Strike
0-1: Ground out 4-3 (Groundball, 4, EV 77.5 MPH)
Batting: LHB Andy Schumacher 0-0: Ball
1-0: Ball
2-0: Ball
3-0: Base on Balls
Batting: RHB Luke Feeney 0-0: Ground out 5-3 (Groundball, 5D, EV 108.1 MPH)
Andy Schumacher to second
Batting: LHB Jon Frederick 0-0: Called Strike
0-1: Ball
1-1: DOUBLE (Line Drive, 8RXD, EV 107.5 MPH)
Andy Schumacher scores
Batting: RHB Dan Becvar 0-0: Called Strike
0-1: Ball
1-1: Foul Ball, location: 2F
1-2: Ball
2-2: Ball
3-2: SINGLE (Groundball, 56D, EV 95.6 MPH)
Jon Frederick to third
Runner from 3rd tries for Home, SAFE, throw by LF to home
Batting: RHB Willis Morales 0-0: Called Strike
0-1: Called Strike
0-2: Ball
1-2: Strikes out swinging
Bottom of the 5th over - 2 runs, 2 hits, 0 errors, 1 left on base; Omaha 6 - Toledo 8
TOP OF THE 6TH
Omaha Storm Chasers batting - Pitching for Toledo Mud Hens : RHP Bryan Hallman
Batting: LHB Danny Bailey 0-0: Ball
1-0: Ball
2-0: Ball
3-0: Called Strike
3-1: Swinging Strike
3-2: Strikes out swinging
Batting: RHB Jerry Castillo 0-0: Ball
1-0: Ball
2-0: Swinging Strike
2-1: Called Strike
2-2: Ball
3-2: Ground out 4-3 (Groundball, 4, EV 104.4 MPH)
Batting: RHB Matt Belgard 0-0: Ball
1-0: Ball
2-0: Ball
3-0: Called Strike
3-1: Base on Balls
Pitching: RHP Gordie Pierson
Batting: LHB Roman Downey 0-0: Ball
1-0: Ball
2-0: Ball
3-0: Base on Balls
Matt Belgard to second
Batting: RHB Adam Martin 0-0: Swinging Strike
0-1: Ball
1-1: Ball
2-1: Called Strike
2-2: Ball
3-2: Fly out, F9 (Flyball, 9D, EV 88.1 MPH)
Top of the 6th over - 0 runs, 0 hits, 0 errors, 2 left on base; Omaha 6 - Toledo 8
BOTTOM OF THE 6TH
Toledo Mud Hens batting - Pitching for Omaha Storm Chasers : RHP Ken Hall
Batting: RHB Keith Hoffman 0-0: Ball
1-0: Ball
2-0: Ball
3-0: Called Strike
3-1: Base on Balls
Batting: RHB Aaron Cusick 0-0: Ball
1-0: Swinging Strike
1-1: Swinging Strike
1-2: Strikes out looking
Batting: RHB J.J. Basil 0-0: Fielders Choice at 2nd, 6-4 (Groundball, 6, EV 97.5 MPH)
Pitching: RHP Tom Jensen
Batting: SHB Adam Weber 0-0: Called Strike
0-1: Called Strike
J.J. Basil steals 2nd base
0-2: Strikes out swinging
Bottom of the 6th over - 0 runs, 0 hits, 0 errors, 1 left on base; Omaha 6 - Toledo 8
TOP OF THE 7TH
Omaha Storm Chasers batting - Pitching for Toledo Mud Hens : RHP Gordie Pierson
Batting: LHB Pete Hansel 0-0: Ball
1-0: Ball
2-0: Foul Ball, location: 2F
2-1: Ball
3-1: Called Strike
3-2: Strikes out swinging
Batting: LHB Robby Diaz 0-0: SINGLE (Line Drive, 4M, EV 95.6 MPH)
Batting: RHB Walt Cogswell 0-0: Foul Ball, location: 2F
0-1: Ball
1-1: Ball
2-1: Ball
3-1: Base on Balls
Robby Diaz to second
Batting: RHB Eric Sandell 0-0: Fly out, F8 (Line Drive, 8RM, EV 95.0 MPH)
Batting: LHB Danny Bailey 0-0: Foul Ball, location: 2F
0-1: Ball
1-1: Ball
Wild Pitch!
Robby Diaz to third
Walt Cogswell to second
2-1: Ball
3-1: Base on Balls
Batting: RHB Jerry Castillo 0-0: Ball
1-0: Foul Ball, location: 2F
1-1: Fielders Choice at 2nd, 5-4 (Groundball, 56, EV 86.9 MPH)
Top of the 7th over - 0 runs, 1 hit, 0 errors, 3 left on base; Omaha 6 - Toledo 8
BOTTOM OF THE 7TH
Toledo Mud Hens batting - Pitching for Omaha Storm Chasers : RHP Tom Jensen
Batting: LHB Andy Schumacher 0-0: Ball
1-0: Foul Ball, location: 2F
1-1: Foul Ball, location: 2F
1-2: Strikes out swinging
Batting: RHB Luke Feeney 0-0: Ball
1-0: Ball
2-0: Called Strike
2-1: Swinging Strike
2-2: Ball
3-2: Foul Ball, location: 2F
3-2: Base on Balls
Batting: LHB Jon Frederick 0-0: Called Strike
0-1: Ball
1-1: Ball
2-1: Swinging Strike
2-2: Foul Ball, location: 2F
2-2: Fielders Choice at 2nd, 1-4 (Groundball, 15S, EV 67.5 MPH)
Batting: RHB Dan Becvar 0-0: Ball
1-0: Ground out 1-3 (Groundball, 34S, EV 64.4 MPH)
Bottom of the 7th over - 0 runs, 0 hits, 0 errors, 1 left on base; Omaha 6 - Toledo 8
TOP OF THE 8TH
Omaha Storm Chasers batting - Pitching for Toledo Mud Hens : RHP Gordie Pierson
Pitching: LHP Edwin Pacheco
Batting: RHB Matt Belgard 0-0: DOUBLE (Flyball, 89D, EV 101.2 MPH)
Batting: LHB Roman Downey 0-0: Ball
1-0: Foul Ball, location: 2F
1-1: Swinging Strike
1-2: Strikes out swinging
Batting: RHB Adam Martin 0-0: Ball
1-0: Ball
2-0: Ball
3-0: Called Strike
3-1: Base on Balls
Batting: LHB Pete Hansel 0-0: Called Strike
0-1: Ball
1-1: Ball
2-1: Foul Ball, location: 2F
2-2: Strikes out swinging
Batting: RHB Taisei Fujii 0-0: Ball
1-0: Called Strike
1-1: Foul Ball, location: 2F
1-2: Ball
2-2: Foul Ball, location: 2F
2-2: Strikes out looking
Top of the 8th over - 0 runs, 1 hit, 0 errors, 2 left on base; Omaha 6 - Toledo 8
BOTTOM OF THE 8TH
Toledo Mud Hens batting - Pitching for Omaha Storm Chasers : RHP Tom Jensen
Batting: RHB Willis Morales 0-0: Foul Ball, location: 2F
0-1: Ground out 6-3 (Groundball, 6S, EV 82.5 MPH)
Batting: RHB Keith Hoffman 0-0: Called Strike
0-1: Ball
1-1: Ball
2-1: Ground out 4-3 (Groundball, 4, EV 85.6 MPH)
Batting: RHB Aaron Cusick 0-0: Ball
1-0: Ball
2-0: Ball
3-0: Called Strike
3-1: Called Strike
3-2: Foul Ball, location: 2F
3-2: Strikes out swinging
Bottom of the 8th over - 0 runs, 0 hits, 0 errors, 0 left on base; Omaha 6 - Toledo 8
TOP OF THE 9TH
Omaha Storm Chasers batting - Pitching for Toledo Mud Hens : LHP Edwin Pacheco
Pitching: RHP Josh Wollaston
Batting: RHB Walt Cogswell 0-0: Called Strike
0-1: Ball
1-1: Called Strike
1-2: Fly out, F7 (Line Drive, 7, EV 95.6 MPH)
Batting: RHB Eric Sandell 0-0: Ball
1-0: Called Strike
1-1: Called Strike
1-2: Fly out, F8 (Line Drive, 8LM, EV 86.2 MPH)
Batting: LHB Danny Bailey 0-0: Ball
1-0: DOUBLE (Groundball, 3D, EV 102.5 MPH)
Batting: RHB Jerry Castillo 0-0: Ground out 5-3 (Groundball, 56S, EV 83.8 MPH)
Top of the 9th over - 0 runs, 1 hit, 0 errors, 1 left on base; Omaha 6 - Toledo 8
Tuesday, September 13th , 2022 - OOTP Baseball 23.7 Build 88